 Dungeon Crawl Stone Soup version 0.30.1-11-g7821555f0a (webtiles) character file.

Game seed: 15513957803093647246

336 Brotato the Ruffian (level 6, -2/61 HPs)
             Began as a Troll Berserker on Dec 20, 2023.
             Was a Priest of Trog.
             Killed from afar by an orc wizard (10 damage)
             ... with a puff of flame
             ... on level 4 of the Dungeon.
             The game lasted 00:09:16 (2303 turns).

Brotato the Ruffian (Troll Berserker)               Turns: 2303, Time: 00:09:16

Health: -2/61      AC:  5    Str: 32    XL:     6   Next: 28%
Magic:  5/5        EV: 10    Int: 11    God:    Trog [***...]
Gold:   34         SH:  0    Dex:  9    Spells: 5/5 levels left

rFire   . .          .
                       - Unarmed
rCold   . . .        (no shield)
rNeg    . . .        a - +0 animal skin
rPois   .            (helmet restricted)
rElec   .            e - +0 cloak
rCorr   .            (gloves unavailable)
SInv    .            (boots unavailable)
Will    .....        (no amulet)
Stlth   +            r - +6 ring of strength
HPRegen 1.10/turn    m - +6 ring of intelligence
MPRegen 0.09/turn

%: no passive effects
@: about to teleport
A: large, unfitting armour, claws 3, regeneration 1, shaggy fur 1, tough skin 1
a: Renounce Religion, Berserk, Trog's Hand


You were on level 4 of the Dungeon.
You worshipped Trog.
Trog was most pleased with you.
You visited 1 branch of the dungeon, and saw 4 of its levels.

You collected 118 gold pieces.
You spent 84 gold pieces at shops.

Inventory:

Missiles
 o - 3 boomerangs (quivered)
Armour
 a - a +0 animal skin (worn)
 e - a +0 cloak (worn)
Jewellery
 b - a ring of protection from fire
 k - a ring of positive energy
 l - a ring of willpower
 m - a +6 ring of intelligence (right claw)
 r - a +6 ring of strength (left claw)
Scrolls
 c - a scroll of teleportation
 d - 4 scrolls of fear
 g - 4 scrolls of magic mapping
 n - a scroll of enchant weapon {unknown}
 t - a scroll of fog {unknown}
Potions
 f - 2 potions of haste
 j - 2 potions of curing
 p - 2 potions of flight
 q - a potion of mutation {unknown}
 s - a potion of resistance {unknown}


   Skills:
 + Level 3.1 Fighting
 + Level 3.7 Dodging
 + Level 0.2 Stealth
 + Level 5.6 Unarmed Combat


You had 5 spell levels left.
You didn't know any spells.
Your spell library was empty.

Dungeon Overview and Level Annotations

Branches:
Dungeon (4/15)
 Temple: D:4-7

Altars:

Shops:
D:3 !


Innate Abilities, Weirdness & Mutations

You are too large for most types of armour.
You have claws for hands.
Your natural rate of healing is unusually fast.
You are covered in fur. (AC +1)
You have tough skin. (AC +1)


Message History

Trog appreciates your killing of a magic user.
Reactivating autopickup.
You feel a bit more experienced.
A phantom comes into view.
There is a stone staircase leading up here.
The phantom hits you.
The phantom blinks!
You blink.
You stop ascending the stairs.
You claw the phantom!
The phantom is moderately damaged.
The phantom closely misses you.
You barely miss the phantom.
The phantom is moderately damaged.
The phantom hits you.
The phantom blinks!
You blink.
The orc warrior attacks as you move away!
The orc warrior hits you with a +0 war axe!
* * * LOW HITPOINT WARNING * * *
An ufetubus comes into view.
You claw the phantom!
The phantom is severely damaged.
The phantom hits you.
* * * LOW HITPOINT WARNING * * *
The phantom blinks!
You blink.
You scratch the phantom but do no damage.
The phantom is severely damaged.
The phantom hits you but does no damage.
You scratch the phantom.
The phantom is severely damaged.
The phantom hits you.
* * * LOW HITPOINT WARNING * * *
As you read the scroll of teleportation, it crumbles to dust.
You feel strangely unstable.
The ufetubus hits you but does no damage. x2
The phantom closely misses you. The ufetubus barely misses you.
The ufetubus hits you.
* * * LOW HITPOINT WARNING * * *
The phantom attacks as you move away! The phantom hits you.
* * * LOW HITPOINT WARNING * * *
The orc wizard points at you and mumbles some strange words.
The puff of flame hits you!
You die...

##...#. ..#..#. #
....#...##### .##
##..............##### #..
..#.....#............
o..#...#...#..)..........
..#.#...###..............
.#o..#..#..#....@5.......
#.....###...#....W.......
#.....#..#.?...........).
#.....#...#..............
.#...#.#........oo...$...
..#.#...#.......o........
..............o.......<..
...#.##.......g..........
##...##)#...[...........#


You could see an orc warrior, a phantom, 2 orc wizards, an orc, an ufetubus and
a hobgoblin.

Vanquished Creatures
  An ogre (D:4)
  A scorpion (D:3)
  An iguana (D:3)
  An orc wizard (D:4)
  4 gnolls (D:3)
  5 adders
  A worm (D:2)
  3 dart slugs
  5 orcs (D:3)
  3 endoplasms
  3 giant cockroaches
  6 goblins
  4 hobgoblins
  4 jackals (D:1)
  5 kobolds
  8 quokkas
  6 ball pythons
  6 bats
  2 frilled lizards
  8 rats
77 creatures vanquished.

Notes
Turn   | Place    | Note
-------+----------+-------------------------------------------
     0 | D:1      | Brotato the Troll Berserker began the quest for the Orb.
     0 | D:1      | Reached XP level 1. HP: 22/22 MP: 0/0
   139 | D:1      | Reached XP level 2. HP: 29/29 MP: 1/1
   753 | D:1      | Reached XP level 3. HP: 36/36 MP: 2/2
  1010 | D:2      | Reached ** piety under Trog
  1311 | D:2      | Reached XP level 4. HP: 44/44 MP: 3/3
  1594 | D:3      | Reached skill level 4 in Unarmed Combat
  1684 | D:3      | Reached XP level 5. HP: 29/53 MP: 4/4
  1733 | D:3      | Found Qitauk's Distillery.
  1750 | D:3      | Reached skill level 5 in Unarmed Combat
  1792 | D:3      | Bought a potion of curing for 42 gold pieces
  1792 | D:3      | Bought a potion of flight for 42 gold pieces
  1969 | D:3      | Found a faded altar of an unknown god.
  2206 | D:4      | Reached *** piety under Trog
  2248 | D:4      | Noticed an orc warrior
  2248 | D:4      | Noticed an ogre
  2262 | D:4      | Killed an ogre
  2263 | D:4      | Reached XP level 6. HP: 22/61 MP: 5/5
  2303 | D:4      | Killed from afar by an orc wizard

Illustrated notes

Levels and vault maps discovered:
D:1:      heliophobic_arrival_henge, layout_loops_ring
D:2:      wander_river, layout_loops_ring, amethyst_killhole,
          nicolae_kite_square_tiling_tiny, grunt_ministairs_3,
          nicolae_concentric_dashed_squares_mild
D:3:      layout_rooms, serial_shops, shop, dilly_ecumenical_altar_fadedgnrine,
          nicolae_titane
D:4:      layout_rooms, nemelex_dance_club_becter, minmay_splitting_lines

Skill      XL: |  1  2  3  4  5 |
---------------+----------------+-----
Dodging        | 3 |  3.7
Fighting       | 3 |  3.1
Unarmed Combat | 4 5 |  5.6
Stealth        | |  0.2

Action                     |  1- 3 |  4- 6 || total
---------------------------+-------+-------++-------
  Melee: Unarmed           |    98 |   114 ||   212
         Punch             |     1 |     1 ||     2
    Use: Scroll            |     4 |     4 ||     8
   Stab: Sleeping          |       |     1 ||     1
 Armour: Animal skin       |    42 |    40 ||    82
  Dodge: Dodged            |    55 |    36 ||    91
